Map: Romanticide LE

Players

SpeCial - Winner!

  • Race: Terran Terran

JimRising

  • Race: Zerg Zerg

Event: DreamHack SC2 Masters 2021 Fall

VOD

Have the link to the VOD?

Description

Time

  • Played on: July 28, 2021, 5:38 p.m.
  • Length: 7:24

All games in this series

Show
View Real Time Build Order
Export as new Build Order

SpeCial Terran - Winner!

Build Orders:  

Get SALT Encoding   

  12  0:00  SCV  
  13  0:12  SCV  
  14  0:18  Supply Depot  
  14  0:24  SCV  
  15  0:40  SCV  
  15  0:42  Barracks  
  16  0:55  Barracks  
  16  1:07  Barracks  
  16  1:12  SCV  
  17  1:29  Marine, Orbital Command  
  18  1:39  Supply Depot  
  18  1:43  Marine  
  18  1:47  Marine  
  20  1:55  Marine  
  20  1:58  Bunker  
  20  2:00  Marine  
  23  2:01  SCV  
  23  2:11  Marine  
  23  2:13  Marine  
  23  2:15  SCV  
  26  2:23  Marine  
  26  2:25  Supply Depot  
  26  2:28  Marine, SCV  
  29  2:31  Bunker  
  29  2:37  Marine  
  29  2:41  Marine  
  31  2:47  Marine, SCV, Bunker  
  33  2:58  Refinery  
  33  2:59  Marine, Refinery  
  33  3:00  Marine  
  35  3:07  Marine  
  36  3:13  SCV  
  36  3:17  Marine x2  
  39  3:25  Marine  
  39  3:27  SCV  
  36  3:34  Marine  
  36  3:35  Marine  
  30  3:42  Supply Depot  
  30  3:43  Marine  
  30  3:52  Marine  
  30  3:53  Marine  
  30  3:54  Barracks  
  30  3:55  SCV  
  29  4:05  Marine, Bunker  
  29  4:08  SCV  
  30  4:10  Marine  
  30  4:15  Marine  
  31  4:21  Factory  
  30  4:35  Marine  
  30  4:41  Marine, Bunker  
  31  4:49  SCV  
  31  4:52  Bunker  
  31  4:59  Marine  
  31  5:05  Hellion  
  33  5:07  Starport  
  33  5:12  Bunker  
  33  5:17  Marine  
  33  5:21  Supply Depot  
  34  5:24  Supply Depot  
  34  5:26  Bunker  
  34  5:27  Hellion  
  34  5:47  Bunker  
  34  5:50  Starport Tech Lab  
  34  5:56  Supply Depot  
  34  6:18  Banshee, Hellion  
  38  6:22  Barracks Reactor  
  38  6:28  Command Center  
  38  6:33  SCV  
  39  6:48  Supply Depot  
  39  6:51  SCV, Hellion  
  40  7:09  SCV  
Show
View Real Time Build Order
Export as new Build Order

JimRising Zerg 

Build Orders: Hatch First 

Get SALT Encoding   

  12  0:00  Drone  
  13  0:12  Overlord  
  13  0:17  Drone  
  14  0:32  Drone x2  
  16  0:50  Hatchery  
  16  0:52  Drone  
  16  0:55  Drone  
  17  0:59  Drone  
  17  1:04  Extractor  
  17  1:15  Spawning Pool  
  16  1:19  Drone  
  16  1:21  Drone  
  18  1:28  Drone  
  19  1:38  Drone  
  20  1:50  Overlord  
  20  2:02  Queen x2  
  20  2:03  Zergling x4  
  20  2:08  Metabolic Boost  
  26  2:12  Zergling x2  
  26  2:14  Zergling x2  
  29  2:22  Zergling x2  
  29  2:27  Zergling x2  
  30  2:33  Zergling x2  
  30  2:35  Baneling Nest  
  30  2:43  Zergling x2  
  31  2:45  Overlord  
  31  2:49  Zergling x2  
  32  2:55  Overlord  
  32  2:57  Zergling x2  
  32  3:09  Zergling x2  
  31  3:19  Zergling x8  
  24  3:41  Zergling x2  
  24  3:42  Zergling x2  
  24  3:45  Zergling x4  
  24  3:49  Zergling x2  
  24  3:53  Zergling x2  
  26  4:04  Zergling x2  
  26  4:15  Zergling x2  
  27  4:25  Zergling x2  
  28  4:41  Zergling x6  
  31  4:52  Zergling x2  
  31  4:58  Zergling x2  
  32  5:07  Baneling  
  32  5:08  Baneling x9  
  32  5:09  Zergling x6  
  32  5:12  Zergling x2  
  35  5:24  Zergling x2  
  35  5:35  Zergling x6  
  25  5:43  Zergling x2  
  25  5:48  Drone  
  23  5:52  Queen  
  23  5:56  Baneling x6  
  25  5:59  Drone  
  26  6:12  Zergling x2  
  27  6:23  Zergling x6  
  28  6:27  Zergling x2  
  29  6:38  Zergling x2  
  30  6:46  Zergling x4  
  29  7:00  Zergling x6  
  28  7:18  Hatchery  

Tags
 
Add a new tag
Caveats
  • Supply blocks, unpowered buildings, or Contaminate may cause inaccurate times.
  • Supply counts are checked every 10 seconds.